 Dungeon Crawl Stone Soup version 0.23.2-1-ga50397a (webtiles) character file.

Game seed: 5323263920044893422

1467 funkygono the Conjurer (level 8, -5/91 HPs)
             Began as a Green Draconian Conjurer on May 23, 2019.
             Was an Initiate of Vehumet.
             Killed by divine providence
             ... invoked by an orc priest
              (10 damage)
             ... on level 6 of the Dungeon.
             The game lasted 00:21:24 (7712 turns).

funkygono the Conjurer (Green Draconian Conjurer)   Turns: 7712, Time: 00:21:24

Health: -5/91      AC: 24    Str: 15    XL:     8   Next: 48%
Magic:  16/32      EV:  2    Int: 18    God:    Vehumet [......]
Gold:   482        SH:  0    Dex: 12    Spells: 13/19 levels left

rFire    . . .     SeeInvis .   u - staff of power
rCold    . . .     Gourm    .   (no shield)
rNeg     + + +     Faith    .   (armour unavailable)
rPois    +         Spirit   .   (helmet currently unavailable)
rElec    .         Reflect  .   (cloak currently unavailable)
rCorr    .         Harm     .   (gloves currently unavailable)
MR       .....     NoTele   +   (boots currently unavailable)
Stlth    ++........             (no amulet)
HPRegen  0.25/turn              t - ring of positive energy
MPRegen  0.23/turn              (no ring)

@: mighty, tree-form, very slightly contaminated
A: (breathe noxious fumes), unfitting armour, AC +6
a: Renounce Religion


You were on level 6 of the Dungeon.
You worshipped Vehumet.
Vehumet was noncommittal.
You were not hungry.
You were a tree.
You visited 2 branches of the dungeon, and saw 8 of its levels.

You collected 482 gold pieces.

Inventory:

Hand Weapons
 e - a +1 whip of slashing
Missiles
 a - 101 stones (quivered)
Magical Staves
 s - an uncursed staff of air
 u - an uncursed staff of power (weapon)
Jewellery
 t - a ring of positive energy (left branch)
Wands
 p - a wand of iceblast (18)
Scrolls
 h - 4 scrolls of remove curse
 i - 4 scrolls of enchant armour
 m - 2 scrolls of teleportation
 o - a scroll of magic mapping
Potions
 d - 5 potions of agility
 f - a potion of degeneration {unknown}
 g - 2 potions of lignification
 j - a potion of magic {unknown}
 k - a potion of heal wounds {unknown}
 l - a potion of mutation {unknown}
 n - a potion of might
 q - a potion of brilliance {unknown}
 r - a potion of haste
Comestibles
 b - 8 rations
 v - 7 chunks of flesh


   Skills:
 + Level 1.9 Fighting
 + Level 2.3 Maces & Flails
 + Level 3.0 Dodging
 + Level 2.4 Stealth
 * Level 6.3 Spellcasting
 + Level 7.6 Conjurations
 * Level 1.3 Hexes


You had 13 spell levels left.
You knew the following spells:

 Your Spells              Type           Power        Failure   Level  Hunger
a - Magic Dart            Conj           ####         1%          1    None
b - Searing Ray           Conj           ####..       1%          2    None
c - Dazzling Spray        Conj/Hex       ###...       5%          3    ##.....

Your spell library contained the following spells:

 Spells                   Type           Power        Failure   Level  Hunger
 Iskenderun's Mystic Bla  Conj           ####....     4%          4    ####...
 Conjure Flame            Conj/Fire      ###.....     8%          3    ##.....
 Slow                     Hex            ##......     10%         2    None
 Beastly Appendage        Tmut           #.....       12%         1    None
 Summon Small Mammal      Summ           #...         12%         1    None
 Mephitic Cloud           Conj/Pois/Air  ##......     12%         3    ##.....
 Blink                    Tloc           N/A          17%         2    None
 Call Imp                 Summ           #.......     17%         2    None
 Sticks to Snakes         Tmut           #.......     17%         2    None
 Fulminant Prism          Conj/Hex       ###.......   19%         4    ####...
 Force Lance              Conj/Tloc      ###.....     24%         4    ####...
 Summon Guardian Golem    Hex/Summ       #.......     26%         3    ##.....
 Call Canine Familiar     Summ           #.......     34%         3    ##.....
 Spider Form              Tmut/Pois      #.........   34%         3    ##.....
 Ice Form                 Ice/Tmut       #.......     75%         4    ####...
 Summon Ice Beast         Ice/Summ       #.......     75%         4    ####...
 Summon Lightning Spire   Summ/Air       #.......     75%         4    ####...
 Blade Hands              Tmut           #.........   97%         5    #####..


Dungeon Overview and Level Annotations

Branches:
Dungeon (7/15)             Temple (1/1) D:5

Altars:
Ashenzari
Cheibriados
Dithmenos
Elyvilon
Fedhas
Gozag
Hepliaklqana
Kikubaaqudgha
Makhleb
Nemelex Xobeh
Okawaru
Qazlal
Ru
Sif Muna
Trog
Uskayaw
Vehumet
Wu Jian
Xom
Yredelemnul
Zin


Innate Abilities, Weirdness & Mutations

((You can breathe blasts of noxious fumes.))
((Your lurid green scales are hard. (AC +6)))
You cannot fit into any form of body armour.
((Your system is resistant to poisons. (rPois)))
((You are cold-blooded and may be slowed by cold attacks.))


Message History

Press: ? - help, Shift-Dir - straight line, f/p - bullfrog
Aim: a bullfrog (moderately wounded)
The magic dart hits the bullfrog.
The bullfrog is heavily wounded.
The bullfrog hits you.
* * * LOW HITPOINT WARNING * * *
The orc priest hits you with a +0 hand axe.
* * * LOW HITPOINT WARNING * * *
Something hits you but does no damage. x2
The bullfrog hits you but does no damage.
Casting: Magic Dart (safe; 1% risk of failure)
Confirm with . or Enter, or press ? or * to list all spells.
Aiming: Magic Dart (safe; 1% risk of failure)
Press: ? - help, Shift-Dir - straight line, f/p - bullfrog
Aim: a bullfrog (heavily wounded)
The magic dart hits the bullfrog.
The bullfrog is severely wounded.
The orc priest invokes the aid of Beogh against you.
Beogh smites you!
You die...

# ##..###......######..###..
#...##.......##.....###..
##..................##...
##............#####......
###..........#### #.....# #
##..........### ##....# #
###............# #....#
####............{.## ##..##
.#..............♣F.# #..##
...............o{..## #..##
....#...............#########....
....#............#...............
#...#............................
##.................######........
##................# #####....
##..............###########....
##............................


You could see a bullfrog and an orc priest (blind).

Vanquished Creatures
  Grinder (D:5)
  An orc warrior (D:6)
  2 phantoms
  2 ogres
  A centaur (D:4)
  2 scorpions
  2 jellies
  A crimson imp (D:5)
  A centaur zombie (D:6)
  2 bullfrog skeletons
  4 hounds
  An iguana (D:4)
  An orc wizard (D:4)
  3 worker ants
  3 hound skeletons (D:4)
  2 worker ant zombies (D:6)
  3 gnolls (D:6)
  4 adders
  An adder zombie (D:6)
  A worm (D:2)
  2 dart slugs
  3 leopard geckos
  9 orcs
  7 giant cockroaches
  5 goblins
  6 hobgoblins
  5 jackals
  11 kobolds
  2 quokkas
  A ball python (D:2)
  7 bats
  5 frilled lizards
  A leopard gecko skeleton (D:4)
  2 rats (D:3)
104 creatures vanquished.

Notes
Turn   | Place    | Note
-------+----------+-------------------------------------------
     0 | D:1      | funkygono the Draconian Conjurer began the quest for the
                  | Orb.
     0 | D:1      | Reached XP level 1. HP: 14/14 MP: 3/3
   276 | D:1      | Reached XP level 2. HP: 11/20 MP: 1/5
   421 | D:1      | Learned a level 2 spell: Searing Ray
  1089 | D:2      | Reached XP level 3. HP: 23/26 MP: 2/6
  1420 | D:2      | Learned a level 3 spell: Dazzling Spray
  1504 | D:2      | Found a faded altar of an unknown god.
  2209 | D:3      | Reached skill level 5 in Conjurations
  2209 | D:3      | Reached XP level 4. HP: 33/33 MP: 2/8
  2396 | D:3      | Noticed a phantom
  3025 | D:3      | Killed a phantom
  3025 | D:3      | Reached XP level 5. HP: 14/39 MP: 0/10
  3218 | D:3      | Reached skill level 1 in Fighting
  4026 | D:4      | Reached skill level 1 in Maces & Flails
  4026 | D:4      | Reached XP level 6. HP: 45/47 MP: 1/12
  4362 | D:4      | Reached skill level 6 in Conjurations
  4561 | D:4      | Found a white marble altar of Elyvilon.
  4667 | D:4      | Your scales start taking on a lurid green colour.
  4667 | D:4      | Reached XP level 7. HP: 34/52 MP: 0/13
  4667 | D:4      | Gained mutation: Your system is resistant to poisons.
                  | (rPois) [Green Draconian growth]
  5018 | D:5      | Entered Level 5 of the Dungeon
  5144 | D:5      | Found a snail-covered altar of Cheibriados.
  5222 | D:5      | Noticed Grinder
  5222 | D:5      | Paralysed by Grinder for 2 turns
  5236 | D:5      | Killed Grinder
  5236 | D:5      | Reached skill level 5 in Spellcasting
  5236 | D:5      | Reached skill level 7 in Conjurations
  5437 | D:5      | Found a staircase to the Ecumenical Temple.
  5452 | Temple   | Entered the Ecumenical Temple
  5564 | Temple   | Became a worshipper of Vehumet
  5827 | D:5      | Found a blossoming altar of Fedhas.
  5920 | D:5      | Found a burning altar of Makhleb.
  5920 | D:5      | Noticed a blizzard demon
  5924 | D:5      | Noticed a neqoxec
  5924 | D:5      | Noticed a ynoxinul
  6142 | D:5      | Reached XP level 8. HP: 61/61 MP: 10/16
  6144 | D:5      | Found a hazy altar of Hepliaklqana.
  6154 | D:5      | Found a stormy altar of Qazlal.
  7317 | D:6      | Reached skill level 1 in Hexes
  7705 | D:6      | HP: 2/61 [orc priest/nerve-wracking pain (3)]
  7712 | D:6      | Killed from afar by an orc priest

Skill      XL: |  1  2  3  4  5  6  7  8 |
---------------+-------------------------+-----
Spellcasting   | 3 4 5 6 |  6.3
Conjurations   | 5 6 7 |  7.6
Dodging        | 2 3 |  3.0
Fighting       | 1 |  1.9
Maces & Flails | 1 2 |  2.3
Stealth        | 2 |  2.4
Hexes          | 1 |  1.3

Action                   |  1- 3 |  4- 6 |  7- 9 || total
-------------------------+-------+-------+-------++-------
Melee: Unarmed           |    16 |       |       ||    16
       Tailslap          |     4 |     9 |     2 ||    15
       Whip              |    21 |    59 |    16 ||    96
       Staff             |       |       |     3 ||     3
 Cast: Magic Dart        |    81 |    97 |    97 ||   275
       Searing Ray       |     5 |     3 |    11 ||    19
       Dazzling Spray    |       |    10 |    12 ||    22
  Use: Scroll            |     7 |       |     4 ||    11
       Potion            |       |     2 |     4 ||     6
  Eat: Chunk             |     5 |     9 |     6 ||    20
       Ration            |       |       |     1 ||     1
Armor: Skin              |    16 |    16 |    37 ||    69
Dodge: Dodged            |    53 |    60 |    44 ||   157
